[Event "Early-Titled-Tuesday-Blitz-November-28-2023"]
[Site "Chess.com"]
[Date "2023.11.28"]
[Round "5"]
[White "Gabix_94"]
[Black "LeoLV10"]
[Result "1-0"]
[WhiteElo "2762"]
[BlackElo "2540"]
[TimeControl "180+1"]
[EndTime "8:55:35 PST"]
[Termination "Gabix_94 won by resignation"]

1. d4 Nf6 2. Nc3 e6 3. Bf4 d5 4.
e3 Bd6 5. Nf3 O-O 6. h4 c5 7. dxc5 Bxc5 8. Bd3 Nc6 9. Qe2 Re8 10. Ne5 Nxe5 11. Bxe5 Nd7 12. Bg3 Nf6 13. O-O-O e5 14. h5 Bg4 15. f3 Bxh5 16. Bh4 e4 17. Bxf6 Qxf6 18. Rxh5 exd3 19. Qxd3 Bxe3+ 20. Kb1 g6 21.
Nxd5 Qe6 22. Rh4 Rad8 23. Re4 Qd6 24. Rxe3 1-0

[Event "Early-Titled-Tuesday-Blitz-November-28-2023"]
[Site "Chess.com"]
[Date "2023.11.28"]
[Round "5"]
[White "snowlord"]
[Black "jk13"]
[Result "1-0"]
[WhiteElo "2873"]
[BlackElo "2618"]
[TimeControl "180+1"]
[EndTime "8:55:35 PST"]
[Termination "snowlord won by resignation"]

1. Nf3 d5 2. c4 e6 3. d4 Nf6 4. Nc3 c6 5. Bg5 h6 6. Bh4 dxc4 7. e4 g5 8. Bg3 b5 9. Be2 Bb7 10. h4 g4 11. Ne5 Rg8 12. Nxg4 Nbd7 13. Nxf6+ Qxf6 14. Qd2 O-O-O 15. O-O Bg7 16. Rfd1 Qe7 17. a4 Nc5 18. Qf4 e5 19. Qf5+ Qe6 20. dxc5 1-0

[Event "Early-Titled-Tuesday-Blitz-November-28-2023"]
[Site "Chess.com"]
[Date "2023.11.28"]
[Round "5"]
[White "stratacticos"]
[Black "gpsji27"]
[Result "0-1"]
[WhiteElo "1736"]
[BlackElo "2328"]
[TimeControl "180+1"]
[EndTime "8:55:40 PST"]
[Termination "gpsji27 won by resignation"]

1. e4 e5 2. Nf3 Nc6 3. Bc4 Bc5 4.
O-O d6 5. h3 Nf6 6. Re1 Be6 7. Bb5 Bb6 8. c3 O-O 9. d4 exd4 10.
Bxc6 bxc6 11. cxd4 d5 12. e5 Ne4 13. Nc3 Bf5 14.
Be3 Qd7 15. Ng5 Nxg5 16. Bxg5 h6 17. Be3 f6 18. Qd2 fxe5 19. dxe5 d4 20. Rad1 dxe3 21. Qxd7 Bxd7 22. fxe3 Be6 23. Na4 Rad8 24. Nxb6 axb6 25. b3 Kf7 0-1

[Event "Early-Titled-Tuesday-Blitz-November-28-2023"]
[Site "Chess.com"]
[Date "2023.11.28"]
[Round "5"]
[White "Witty_Alien"]
[Black "alvarorodriguezavila"]
[Result "0-1"]
[WhiteElo "2237"]
[BlackElo "2228"]
[TimeControl "180+1"]
[EndTime "8:55:42 PST"]
[Termination "alvarorodriguezavila won by resignation"]

1. e4 c5 2. Nf3 d6 3. d4 cxd4 4. Nxd4 Nf6 5. Nc3 Nc6 6. Nd5 Nxd5 7. Nxc6 bxc6 8. exd5 Qa5+ 9. Bd2 Qxd5 10. Be2 Bd7 11.
O-O e5 12. c4 Qe6 13. f4 Be7 14. f5 Qf6 15. Bd3 O-O 16. Be4 Rab8 17. b3 Rfd8 18. Be3 d5 19. cxd5 cxd5 20. Qxd5 Bb5 21. Rfd1 Rxd5 22.
Bxd5 Rd8 23. Bxa7 Qa6 24. Be3 Bd3 25. f6 Bxf6 26. a4 Rxd5 27. Rac1 h6 0-1

[Event "Early-Titled-Tuesday-Blitz-November-28-2023"]
[Site "Chess.com"]
[Date "2023.11.28"]
[Round "5"]
[White "Zurability"]
[Black "GatoRojo150"]
[Result "1-0"]
[WhiteElo "2862"]
[BlackElo "2611"]
[TimeControl "180+1"]
[EndTime "8:55:55 PST"]
[Termination "Zurability won on time"]

1. c4 e5 2. Nc3 Nf6 3. Nf3 e4 4.
Ng5 c6 5. Ngxe4 Nxe4 6. Nxe4 d5 7.
cxd5 cxd5 8. Ng3 h5 9. e3 h4 10.
Ne2 Nc6 11. d4 Qf6 12. Nf4 Bd6 13. Be2 Bf5 14. Nxd5 Qg6 15. Bf3 O-O-O 16. Bd2 Bd3 17. Qb3 Rhe8 18. Rc1 Be4 19. Qb5 Bb8 20. Nb4 Bxf3 21.
gxf3 Rd6 22. d5 Qg2 23. dxc6 Qxh1+ 24. Ke2 Rxd2+ 25. Kxd2 Rd8+ 26. Ke2 1-0

[Event "Early-Titled-Tuesday-Blitz-November-28-2023"]
[Site "Chess.com"]
[Date "2023.11.28"]
[Round "5"]
[White "platy3"]
[Black "Let_it_be_1"]
[Result "1-0"]
[WhiteElo "2885"]
[BlackElo "2664"]
[TimeControl "180+1"]
[EndTime "8:56:03 PST"]
[Termination "platy3 won by resignation"]

1. c4 e6 2. Nc3 d5 3. d4 Be7 4. cxd5 exd5 5. Bf4 c6 6. e3 Bf5 7. Bd3 Bxd3 8. Qxd3 Nf6 9. Nge2 Nbd7 10. h3 O-O 11.
O-O Re8 12. Bh2 a5 13. Rad1 Bf8 14. Qc2 b5 15. a4 b4 16. Nb1 Rc8 17. Nd2 c5 18.
dxc5 Nxc5 19. Nd4 Qd7 20. N2b3 Nxa4 21. Qe2 Ne4 22. Nxa5 Bd6 23. Bxd6 Qxd6 24. Nab3 Nb6 25. Qg4 g6 26. Nd2 Qe5 27. Nxe4 dxe4 28. Rc1 f5 29. Qe2 f4 30. Qa6 Nd5 31. Rxc8 1-0

[Event "Early-Titled-Tuesday-Blitz-November-28-2023"]
[Site "Chess.com"]
[Date "2023.11.28"]
[Round "5"]
[White "RodokininEV"]
[Black "ATM622"]
[Result "1-0"]
[WhiteElo "2611"]
[BlackElo "2454"]
[TimeControl "180+1"]
[EndTime "8:56:07 PST"]
[Termination "RodokininEV won by resignation"]

1. d4 Nf6 2. Nf3 b6 3. g3 Bb7 4. Bg2 g6 5. O-O Bg7 6. c4 e6 7. Nc3 O-O 8. Qc2 c5 9. d5 exd5 10. Nh4 Nc6 11. cxd5 Nb4 12. Qd1 d6 13. e4 Re8 14.
Re1 Qd7 15. a3 Na6 16. Nf3 Nc7 17. a4 Ng4 18. Nd2 Bd4 19. Rf1 Ba6 20. Ne2 Nxf2 21. Rxf2 Bxf2+ 22. Kxf2 Nxd5 23. Nc3 Nb4 24. Nf3 Nd3+ 25.
Kg1 Rad8 26. Bg5 Rc8 27. Nd5 Kg7 28. Bf6+ Kg8 29. Qd2 Qh3 30. Bxh3 1-0

[Event "Early-Titled-Tuesday-Blitz-November-28-2023"]
[Site "Chess.com"]
[Date "2023.11.28"]
[Round "5"]
[White "Predator0608"]
[Black "scarabee43"]
[Result "0-1"]
[WhiteElo "2598"]
[BlackElo "2811"]
[TimeControl "180+1"]
[EndTime "8:56:09 PST"]
[Termination "scarabee43 won by resignation"]

1. e4 c5 2. Nf3 e6 3. d4 cxd4 4. Nxd4 Nc6 5. Nc3 Qc7 6. Be3 a6 7. Be2 Nf6 8. O-O Be7 9. f4 d6 10. Bf3 Bd7 11. a4 O-O 12. g4 Nxd4 13. Qxd4 e5 14. Qd1 exf4 15. Bxf4 Be6 16. Kh1 Rac8 17.
Rf2 Qb6 18. Qg1 Qxb2 19. Ne2 d5 20. e5 Ne4 21. Bxe4 dxe4 22. Rb1 Qa3 23. Qg2 e3 24. Rff1 Rxc2 25. Rxb7 Rxe2 0-1

[Event "Early-Titled-Tuesday-Blitz-November-28-2023"]
[Site "Chess.com"]
[Date "2023.11.28"]
[Round "5"]
[White "Russian_berezka"]
[Black "ural58"]
[Result "0-1"]
[WhiteElo "2596"]
[BlackElo "2473"]
[TimeControl "180+1"]
[EndTime "8:56:09 PST"]
[Termination "ural58 won on time"]

1. d4 d5 2. c4 e5 3. dxe5 d4 4. Nf3 Nc6 5. Nbd2 a5 6. Nb3 Bg4 7. a3 Bxf3 8. exf3 a4 9. Nd2 Qg5 10. e6 fxe6 11. Ne4 Qg6 12. g3 h5 13. Bd3 e5 14. Bg5 Qe6 15. h4 Be7 16. O-O Nf6 17. f4 exf4 18. Re1 Nxe4 19. Bxe4 Ne5 20. Bd5 Qf5 0-1

[Event "Early-Titled-Tuesday-Blitz-November-28-2023"]
[Site "Chess.com"]
[Date "2023.11.28"]
[Round "5"]
[White "Actuary44"]
[Black "Leo_C"]
[Result "0-1"]
[WhiteElo "2449"]
[BlackElo "2611"]
[TimeControl "180+1"]
[EndTime "8:56:10 PST"]
[Termination "Leo_C won by resignation"]

1. e4 e5 2. Nf3 Nc6 3. Bb5 a6 4. Ba4 Nf6 5. d3 b5 6. Bb3 Be7 7. a4 Rb8 8. axb5 axb5 9. O-O d6 10. h3 O-O 11. Bg5 h6 12. Bh4 Be6 13. Nbd2 d5 14.
Re1 dxe4 15. Nxe4 Bxb3 16. cxb3 Nxe4 17. Bxe7 Qxe7 18. Rxe4 Rfd8 19. Ra6 Nb4 20. Rxe5 Qf8 21. Ra7 Nc6 22. Rxc7 Nxe5 23. Nxe5 Qd6 24. Nxf7 Qxc7 25. Nxd8 Rxd8 26. Qf3 Qe5 27. g3 Rf8 28. Qc6 Qe1+ 0-1

[Event "Early-Titled-Tuesday-Blitz-November-28-2023"]
[Site "Chess.com"]
[Date "2023.11.28"]
[Round "5"]
[White "Haykoooo0o"]
[Black "Valy02chess"]
[Result "1-0"]
[WhiteElo "2420"]
[BlackElo "2251"]
[TimeControl "180+1"]
[EndTime "8:56:12 PST"]
[Termination "Haykoooo0o won by checkmate"]

1. d3 c5 2. g3 d5 3. Bg2 Nc6 4. Nd2 g6 5. e4 dxe4 6. dxe4 Bg7 7.
Ngf3 Nf6 8. Bf1 O-O 9. Bg2 Bg4 10.
O-O Qc8 11. Re1 Rd8 12. c3 Ne5 13. Qc2 Nd3 14. Rf1 b5 15. a4 a6 16. axb5 axb5 17. Rxa8 Qxa8 18. e5 Nxc1 19. Rxc1 Nd7 20. Re1 Bf5 21.
Qb3 Qa6 22. Qd5 Be6 23. Qe4 Nxe5 24. Nxe5 Bxe5 25. Qxe5 Rxd2 26. Qxc5 Rxb2 27. Qxe7 Qb6 28. Qf6 b4 29. c4 Rc2 30. h4 Rxc4 31. h5 Rc8 32. h6 b3 33. Qg7# 1-0

[Event "Early-Titled-Tuesday-Blitz-November-28-2023"]
[Site "Chess.com"]
[Date "2023.11.28"]
[Round "5"]
[White "kingofthenil"]
[Black "jefferyx"]
[Result "1-0"]
[WhiteElo "2714"]
[BlackElo "2995"]
[TimeControl "180+1"]
[EndTime "8:56:14 PST"]
[Termination "kingofthenil won by checkmate"]

1. e4 c5 2. Nf3 d6 3. d4 cxd4 4. Nxd4 Nf6 5. Nc3 a6 6. g3 g6 7.
Bg2 Bg7 8. O-O O-O 9. h3 Nc6 10. Nxc6 bxc6 11. e5 dxe5 12. Qxd8 Rxd8 13. Bxc6 Bxh3 14.
Bxa8 Bxf1 15. Kxf1 Rxa8 16. b3 Rc8 17. Bb2 Kf8 18.
Rc1 Ke8 19. Na4 Bh6 20. Re1 Rxc2 21. Rxe5 Ng4 22. Re2 Nh2+ 23. Ke1 Rc6 24. Re4 f5 25. Rc4 Re6+ 26. Kd1 Ng4 27. Bd4 Rd6 28. Ke2 e5 29. Bc3 e4 30. Rc8+ Kd7 31. Rh8 Kc6 32. Rxh7 Rd3 33.
Ra7 Kb5 34. Rb7+ Kc6 35. Rb6+ Kd5 36. Rxg6 Rf3 37. Nb6+ Kc5 38. b4+ Kb5 39. a4# 1-0

[Event "Early-Titled-Tuesday-Blitz-November-28-2023"]
[Site "Chess.com"]
[Date "2023.11.28"]
[Round "5"]
[White "psychokiller48"]
[Black "DenLaz"]
[Result "0-1"]
[WhiteElo "2712"]
[BlackElo "3050"]
[TimeControl "180+1"]
[EndTime "8:56:17 PST"]
[Termination "DenLaz won by resignation"]

1. Nf3 Nf6 2. c4 c6 3. g3 d5 4.
b3 Bf5 5. Bb2 e6 6. Bg2 h6 7. O-O Be7 8. d3 O-O 9. Nbd2 Nbd7 10. Rc1 a5 11. a3 Re8 12. Re1 Bh7 13.
Rc2 Bd6 14. e4 e5 15. Nh4 Nc5 16. Qe2 dxe4 17. dxe4 Bf8 18. Rc3 Qc7 19. Nf5 Ne6 20. Rd3 Bxf5 21. exf5 Nd4 22. Qd1 Nxf5 23. Ne4 Nxe4 24. Bxe4 Nd4 25. Bxd4 exd4 26. Rxd4 Rad8 27. a4 Qb6 28. Rxd8 Rxd8 29. Qf3 Rd2 30. h4 Rxf2 0-1

[Event "Early-Titled-Tuesday-Blitz-November-28-2023"]
[Site "Chess.com"]
[Date "2023.11.28"]
[Round "5"]
[White "Iball95"]
[Black "marcodobrikov"]
[Result "0-1"]
[WhiteElo "2833"]
[BlackElo "2625"]
[TimeControl "180+1"]
[EndTime "8:56:21 PST"]
[Termination "marcodobrikov won on time"]

1. e4 Nc6 2. Nc3 e5 3. Nf3 Nf6 4. Bb5 Bd6 5. a3 a6 6. Bc4 b5 7. Ba2 Bb7 8. d3 O-O 9. g4 Bc5 10. Rg1 d6 11. g5 Nd7 12. h4 Nd4 13. h5 Kh8 14. Be3 f5 15. gxf6 Qxf6 16. Nh2 Qh4 17. Rg2 Nf6 18. Bxd4 Bxd4 19. Qd2 Nxh5 20. O-O-O Rxf2 21. Rxf2 Qxf2 0-1

[Event "Early-Titled-Tuesday-Blitz-November-28-2023"]
[Site "Chess.com"]
[Date "2023.11.28"]
[Round "5"]
[White "jens1102"]
[Black "ActorXu"]
[Result "0-1"]
[WhiteElo "2624"]
[BlackElo "2840"]
[TimeControl "180+1"]
[EndTime "8:56:26 PST"]
[Termination "ActorXu won by resignation"]

1. c4 e5 2. Nc3 Bb4 3. Nd5 a5 4. Nf3 d6 5. g3 c6 6. Nxb4 axb4 7.
Bg2 Nf6 8. O-O O-O 9. d3 c5 10. Bg5 Nc6 11. e3 h6 12. Bxf6 Qxf6 13. Qe2 Be6 14. Nd2 Ra6 15. Ne4 Qe7 16. f4 f5 17.
Nd2 Rfa8 18. Bd5 Rxa2 19. Rxa2 Rxa2 20. fxe5 Nxe5 21. d4 Nf7 22. Nb3 Bxd5 23. cxd5 Ng5 24. dxc5 dxc5 25. Rxf5 Qe4 26. Rxg5 hxg5 27. d6 Qb1+ 28. Kf2 Qxb2 29. Nd2 Qxd2 0-1

[Event "Early-Titled-Tuesday-Blitz-November-28-2023"]
[Site "Chess.com"]
[Date "2023.11.28"]
[Round "5"]
[White "AsaHoffmann"]
[Black "DonCiao"]
[Result "1-0"]
[WhiteElo "2353"]
[BlackElo "2121"]
[TimeControl "180+1"]
[EndTime "8:56:27 PST"]
[Termination "AsaHoffmann won by resignation"]

1. d4 Nf6 2. Bg5 Ne4 3. Bf4 c5 4. f3 Qa5+ 5. c3 Nd6 6. dxc5 Qxc5 7. e4 e5 8. Bg3 Nc4 9. Bxc4 Qxc4 10. Bxe5 Nc6 11.
Bg3 Bc5 12. Qe2 Qe6 13. Nd2 O-O 14. Nb3 Bb6 15. O-O-O a5 16. Nh3 a4 17. Nf4 Qh6 18. Nd2 a3 19. b3 Ne5 20. Nd5 Re8 21. Nxb6 Qxb6 22. Bxe5 Rxe5 23. Nc4 Qc7 24. Nxe5 Qxc3+ 25. Kb1 Qxe5 26. Rd5 Qf6 27. Rc1 d6 28. Qd2 Be6 29. Rxd6 Bxb3 30. Rxf6 1-0

[Event "Early-Titled-Tuesday-Blitz-November-28-2023"]
[Site "Chess.com"]
[Date "2023.11.28"]
[Round "5"]
[White "dmosesov"]
[Black "angryspacevoid"]
[Result "0-1"]
[WhiteElo "2582"]
[BlackElo "2477"]
[TimeControl "180+1"]
[EndTime "8:56:29 PST"]
[Termination "angryspacevoid won on time"]

1. Nf3 d5 2. c4 d4 3. b4 g5 4. h3 Bg7 5. d3 h6 6. a4 c5 7.
bxc5 Na6 8. Nbd2 Nf6 9. Bb2 Nh5 10. Nb3 e5 11. a5 Qc7 12. Ba3 O-O 13. g4 Nf4 14. h4 f6 15. hxg5 fxg5 16. e3 dxe3 17. fxe3 Ng6 18. Be2 Bxg4 19. Rg1 Bxf3 20. Bxf3 e4 21.
Bxe4 Bc3+ 22. Ke2 Qh2+ 23. Rg2 Qh5+ 0-1

[Event "Early-Titled-Tuesday-Blitz-November-28-2023"]
[Site "Chess.com"]
[Date "2023.11.28"]
[Round "5"]
[White "mbachez"]
[Black "Arvids_Andrejevs"]
[Result "1-0"]
[WhiteElo "2574"]
[BlackElo "2393"]
[TimeControl "180+1"]
[EndTime "8:56:29 PST"]
[Termination "mbachez won by resignation"]

1. e4 c6 2. Nf3 d5 3. exd5 cxd5 4. Ne5 Nd7 5. d4 Nxe5 6. dxe5 e6 7. Bd3 Bd7 8. O-O Bc5 9. Qg4 Bf8 10. Nd2 Ne7 11.
Nf3 g6 12. Bg5 Bg7 13. Rfe1 Qc7 14. Bf6 Bxf6 15. exf6 Nc6 16. b4 h5 17. Qh4 O-O-O 18.
b5 Na5 19. Ne5 Rhf8 20. Qb4 Nc4 21. Bxc4 dxc4 22. a4 Kb8 23. a5 Bc8 24. b6 Qd6 25.
bxa7+ Kxa7 26. Qxc4 Qa6 27. Qc5+ Ka8 28. Nc4 Bd7 29.
Nb6+ Kb8 30. Nxd7+ Rxd7 31. Qxf8+ 1-0

[Event "Early-Titled-Tuesday-Blitz-November-28-2023"]
[Site "Chess.com"]
[Date "2023.11.28"]
[Round "5"]
[White "karinachess1"]
[Black "kuanysh1981"]
[Result "0-1"]
[WhiteElo "2586"]
[BlackElo "2457"]
[TimeControl "180+1"]
[EndTime "8:56:35 PST"]
[Termination "kuanysh1981 won by resignation"]

1. d4 Nf6 2. c4 e6 3. Nc3 d5 4. cxd5 exd5 5. Bg5 c6 6. e3 Be7 7. Bd3 O-O 8. Qc2 h6 9. Bh4 Nbd7 10. Nf3 Re8 11.
O-O Ne4 12. Bxe7 Qxe7 13. Bxe4 dxe4 14. Nd2 f5 15. Rac1 Nf6 16. Nc4 Be6 17. Ne5 Nd5 18. Nxd5 Bxd5 19. a3 Qf6 20. g3 g5 21. Qe2 Re7 22.
b4 a6 23. a4 f4 24. exf4 gxf4 25. Qh5 Rg7 26. b5 axb5 27. axb5 e3 28. fxe3 Ra2 29.
Rxf4 Qe7 30. e4 Qa3 31. Rcf1 Qe3+ 32. R4f2 Bxe4 33. Qe8+ Kh7 34. Nf7 Rxg3+ 0-1

[Event "Early-Titled-Tuesday-Blitz-November-28-2023"]
[Site "Chess.com"]
[Date "2023.11.28"]
[Round "5"]
[White "inagreV"]
[Black "tylityli"]
[Result "1-0"]
[WhiteElo "2424"]
[BlackElo "2265"]
[TimeControl "180+1"]
[EndTime "8:56:35 PST"]
[Termination "inagreV won on time"]

1. d4 Nf6 2. c4 e6 3. Nc3 Bb4 4. Bd2 Bxc3 5. Bxc3 Ne4 6. Bb4 a5 7. Ba3 d6 8. Qc2 f5 9. e3 b6 10. f3 Nf6 11. Bd3 Bb7 12. b3 O-O 13. Ne2 a4 14. b4 Nbd7 15. O-O c5 16. bxc5 bxc5 17. Nf4 Qe7 18. d5 exd5 19. Bxf5 Qxe3+ 20. Kh1 Qxf4 21. cxd5 Ne5 22. Be6+ Kh8 23. Rad1 Nc4 24. Bc1 1-0

[Event "Early-Titled-Tuesday-Blitz-November-28-2023"]
[Site "Chess.com"]
[Date "2023.11.28"]
[Round "5"]
[White "Der_Balak_3Halak"]
[Black "mortngabriel"]
[Result "0-1"]
[WhiteElo "2298"]
[BlackElo "2502"]
[TimeControl "180+1"]
[EndTime "8:56:36 PST"]
[Termination "mortngabriel won by checkmate"]

1. e4 c5 2. Nf3 Nc6 3. c3 d5 4.
exd5 Qxd5 5. d4 g6 6. Be3 cxd4 7.
cxd4 Bg7 8. Nc3 Qd8 9. Bc4 Nf6 10.
h3 O-O 11. O-O b6 12. Ne5 Bb7 13. Re1 Rc8 14. Qe2 e6 15. Rad1 Nb4 16. Bg5 Qc7 17.
Nb5 Qb8 18. Bxf6 Bxf6 19. Nd7 Qf4 20. g3 Qf5 21. Bd3 Qxh3 22. Nxf6+ Kg7 23. Qe5 Qg2# 0-1

[Event "Early-Titled-Tuesday-Blitz-November-28-2023"]
[Site "Chess.com"]
[Date "2023.11.28"]
[Round "5"]
[White "NovozhilovSemen"]
[Black "MasterKroket"]
[Result "1-0"]
[WhiteElo "2724"]
[BlackElo "2498"]
[TimeControl "180+1"]
[EndTime "8:56:37 PST"]
[Termination "NovozhilovSemen won by resignation"]

1. d4 Nf6 2. Nf3 g6 3. Nc3 Bg7 4. e4 d6 5. Be3 c6 6. Qd2 Nbd7 7. Bd3 Qc7 8. Bh6 Bxh6 9. Qxh6 b5 10. a3 a6 11. O-O Bb7 12. Rfe1 e5 13. dxe5 dxe5 14. a4 b4 15. Nd1 Qd6 16. Ne3 Qf8 17. Qh3 Qe7 18.
Rad1 O-O 19. Qh6 Rfe8 20. Nc4 Ng4 21. Qh3 Ndf6 22. Qg3 Bc8 23. h3 Nh5 24. Qh4 Qxh4 25. Nxh4 Ngf6 26. Nf3 Nd7 27. Nd6 Re7 28. Bc4 Nf4 29.
Nxf7 Kg7 30. Nd6 a5 31. Nxc8 Rxc8 32. g3 Nxh3+ 33. Kg2 Nb6 34. Bb3 c5 35. Rd6 c4 36.
Rxb6 cxb3 37. cxb3 Rf7 38. Nxe5 Rxf2+ 39. Kxh3 Rcc2 40.
Rb7+ Kh6 41. Ng4+ Kg5 42. Rb5+ Rf5 43. exf5 gxf5 44. Ne3 Rxb2 45. Rxf5+ Kg6 1-0

[Event "Early-Titled-Tuesday-Blitz-November-28-2023"]
[Site "Chess.com"]
[Date "2023.11.28"]
[Round "5"]
[White "tusplingher"]
[Black "Abund"]
[Result "1/2-1/2"]
[WhiteElo "2514"]
[BlackElo "2770"]
[TimeControl "180+1"]
[EndTime "8:56:40 PST"]
[Termination "Game drawn by repetition"]

1. e4 e5 2. Nf3 Nc6 3. Nc3 Nf6 4. d4 exd4 5. Nxd4 Bb4 6. Nxc6 bxc6 7. Bd3 O-O 8. O-O d5 9. Bd2 Bxc3 10. Bxc3 dxe4 11. Bxf6 Qxf6 12. Bxe4 Bf5 13. Bxf5 Qxf5 14. Qd3 Qf6 15. c3 c5 16. Qc4 Qb6 17. b3 Rad8 18. Rad1 Rd6 19. Rxd6 cxd6 20. Rd1 Re8 21. h3 h6 22. Qd5 Re6 23. c4 Qa5 24. Qd2 Qa6 25.
Re1 Rxe1+ 26. Qxe1 Qxa2 27. Qe8+ Kh7 28. Qxf7 Qxb3 29.
Qf5+ Kg8 30. Qe6+ Kh8 31. Qe8+ Kh7 32. Qe4+ Kg8 33. Qe8+ Kh7 34. Qe4+ Kh8 35. Qe8+ Kh7 1/2-1/2

[Event "Early-Titled-Tuesday-Blitz-November-28-2023"]
[Site "Chess.com"]
[Date "2023.11.28"]
[Round "5"]
[White "Aisen1011"]
[Black "Sofia_Blokhin"]
[Result "1-0"]
[WhiteElo "2429"]
[BlackElo "2255"]
[TimeControl "180+1"]
[EndTime "8:56:40 PST"]
[Termination "Aisen1011 won by resignation"]

1. d4 f5 2. Nf3 Nf6 3. g3 g6 4. Bg2 Bg7 5. O-O O-O 6. c4 d6 7. Nc3 Nc6 8. d5 Na5 9. Qd3 c5 10. Bd2 e5 11. dxe6 Bxe6 12. b3 Ne4 13. Ng5 Nxg5 14.
Nd5 Bxd5 15. cxd5 Bxa1 16. Rxa1 Nf7 17. f4 c4 18. Qc3 b6 19. Bc1 Re8 20. Bb2 Ne5 21.
fxe5 dxe5 22. b4 Nb7 23. d6 Nxd6 24. Bd5+ Kg7 25. Qe3 Qf6 26. Bxa8 Rxa8 27. Bxe5 Re8 28. Bxf6+ Kxf6 29. Qd4+ Ke7 30. Rd1 Rd8 31. Qe5+ 1-0

[Event "Early-Titled-Tuesday-Blitz-November-28-2023"]
[Site "Chess.com"]
[Date "2023.11.28"]
[Round "5"]
[White "lluiss"]
[Black "Dream2World_Number1"]
[Result "0-1"]
[WhiteElo "2208"]
[BlackElo "2655"]
[TimeControl "180+1"]
[EndTime "8:56:40 PST"]
[Termination "Dream2World_Number1 won by resignation"]

1. Nf3 Nf6 2. d4 e6 3. g3 d5 4. Bg2 Be7 5. O-O O-O 6. b3 Nbd7 7. Bb2 c5 8. e3 b6 9. Nbd2 Bb7 10. c4 Rc8 11.
Ne5 cxd4 12. Nxd7 Qxd7 13. Bxd4 dxc4 14. Nxc4 Bxg2 15. Kxg2 Rfd8 16. Qf3 Nd5 17. Rfd1 Qe8 18. e4 Nb4 19. Bc3 Rxd1 20. Rxd1 Nxa2 21. Bb2 Nb4 22. Qg4 g6 23. e5 Nd5 24. Nd6 Bxd6 25. exd6 Qc6 26.
Kg1 Qxd6 27. Qd4 f6 28. Qh4 Rc2 29. Bxf6 Ne3 0-1

[Event "Early-Titled-Tuesday-Blitz-November-28-2023"]
[Site "Chess.com"]
[Date "2023.11.28"]
[Round "5"]
[White "GiorgianBarbosa"]
[Black "Ziyamammadov"]
[Result "1-0"]
[WhiteElo "2519"]
[BlackElo "1889"]
[TimeControl "180+1"]
[EndTime "8:56:41 PST"]
[Termination "GiorgianBarbosa won by checkmate"]

1. d4 Nf6 2. Nf3 d6 3. e3 g6 4. Be2 Bg7 5. O-O Nbd7 6. b3 O-O 7. Bb2 c5 8. Nbd2 cxd4 9. exd4 b6 10. a3 Bb7 11. Re1 Rc8 12. c4 Ne4 13. Nxe4 Bxe4 14. Bd3 Bxd3 15. Qxd3 Nc5 16. Qc2 Ne6 17. d5 Nc5 18.
Bxg7 Kxg7 19. Re3 e6 20. dxe6 Nxe6 21. Rd1 b5 22. Qb2+ Kg8 23. cxb5 Qb6 24. a4 a6 25. bxa6 Qxa6 26. h4 Rc6 27. h5 gxh5 28. Nh4 Ng5 29. Qf6 Rc5 30. Rg3 Qa5 31. b4 Qxa4 32. Rxg5+ Rxg5 33. Qxg5+ Kh8 34. Qf6+ Kg8 35. Rd5 Qb3 36. Rg5# 1-0

[Event "Early-Titled-Tuesday-Blitz-November-28-2023"]
[Site "Chess.com"]
[Date "2023.11.28"]
[Round "5"]
[White "Chessbard1972"]
[Black "kai_nov"]
[Result "1-0"]
[WhiteElo "2415"]
[BlackElo "2240"]
[TimeControl "180+1"]
[EndTime "8:56:43 PST"]
[Termination "Chessbard1972 won by checkmate"]

1. d4 Nf6 2. c4 e6 3. Nf3 d5 4. Nc3 Be7 5. Bg5 O-O 6. e3 h6 7. Bxf6 Bxf6 8. Qc2 c5 9. dxc5 dxc4 10. Bxc4 Qa5 11. O-O Qxc5 12. Ne4 Qf5 13. Bd3 Nc6 14. a3 Be7 15. b4 Ne5 16. Nxe5 Qxe5 17. f4 Qd5 18. Rad1 Qc6 19. Qxc6 bxc6 20. Rc1 Bb7 21. Nc5 Bxc5 22. Rxc5 Rfd8 23. Be4 Rac8 24. Rfc1 f5 25. Bxc6 Bxc6 26. Rxc6 Rxc6 27. Rxc6 Rd3 28. Ra6 Rxe3 29. Rxa7 Re4 30. g3 g5 31. b5 gxf4 32. b6 Re1+ 33. Kf2 fxg3+ 34. hxg3 Rb1 35. b7 Rb2+ 36. Kf3 Rb3+ 37.
Kf4 Kh7 38. b8=Q+ Kg6 39. Qxb3 e5+ 40. Kxe5 h5 41. Qb6+ Kg5 42. Rg7# 1-0

[Event "Early-Titled-Tuesday-Blitz-November-28-2023"]
[Site "Chess.com"]
[Date "2023.11.28"]
[Round "5"]
[White "Orishuas"]
[Black "ideika"]
[Result "0-1"]
[WhiteElo "2288"]
[BlackElo "2171"]
[TimeControl "180+1"]
[EndTime "8:56:45 PST"]
[Termination "ideika won on time"]

1. e4 c5 2. d4 cxd4 3. c3 dxc3 4.
Nxc3 Nc6 5. Nf3 e6 6. Bc4 a6 7.
O-O b5 8. Bb3 Bb7 9. Qe2 Na5 10.
Rd1 Nxb3 11. axb3 Nf6 12. Bg5 Be7 13. Rac1 O-O 14. Ne5 d6 15. Nf3 b4 16. Bxf6 Bxf6 17. Na4 Qe7 18. Qc4 a5 19. Qb5 Bxe4 20. Nd4 Bxd4 21.
Rxd4 d5 22. f3 Bxf3 23. Rf1 Be4 24. Nc5 Rfb8 25. Qc6 Rc8 26. Qd7 Qxc5 27. Qxf7+ Kh8 0-1

[Event "Early-Titled-Tuesday-Blitz-November-28-2023"]
[Site "Chess.com"]
[Date "2023.11.28"]
[Round "5"]
[White "masenik"]
[Black "IsaqueGoncalvesSanto"]
[Result "1-0"]
[WhiteElo "2486"]
[BlackElo "1909"]
[TimeControl "180+1"]
[EndTime "8:56:46 PST"]
[Termination "masenik won on time"]

1. e4 e6 2. d4 d5 3. Nd2 Nf6 4. e5 Nfd7 5. Bd3 c5 6. c3 Nc6 7. Ne2 cxd4 8. cxd4 Qb6 9. Nf3 f6 10. exf6 Nxf6 11. O-O Bd6 12. Bf4 Bxf4 13. Nxf4 O-O 14. Re1 Ne4 15. g3 e5 16. Nxd5 Qxb2 17. Bxe4 Nxd4 18.
Rb1 Nxf3+ 19. Bxf3 Qxa2 20. Nc7 Bh3 21. Bd5+ Kh8 22.
Bxa2 1-0

[Event "Early-Titled-Tuesday-Blitz-November-28-2023"]
[Site "Chess.com"]
[Date "2023.11.28"]
[Round "5"]
[White "Rsnr"]
[Black "GmSergioBarrientos"]
[Result "0-1"]
[WhiteElo "2917"]
[BlackElo "2705"]
[TimeControl "180+1"]
[EndTime "8:56:47 PST"]
[Termination "GmSergioBarrientos won on time"]

1. d4 Nf6 2. c4 e6 3. Nf3 b6 4. a3 Ba6 5. Qb3 Bb7 6. Nc3 c5 7. d5 exd5 8. cxd5 d6 9. e4 a6 10. a4 g6 11. Bc4 Nbd7 12. h3 Bg7 13. O-O O-O 14. Bf4 Ne8 15. Rad1 Qc7 16. Rfe1 f6 17. Nd2 Rb8 18. Bg3 Kh8 19. f4 Bc8 20. Nf3 Qd8 21.
e5 fxe5 22. fxe5 Nxe5 23. Nxe5 dxe5 24. d6 b5 25. axb5 axb5 26. Nxb5 Bd7 27. Rxe5 Qb6 28. Re7 Nf6 29. Be5 Bxb5 30. Bxb5 c4+ 31. Bd4 Qxd6 32. Bxf6 Qxf6 33. Qe3 Rxb5 34. Rdd7 Re5 35. Qa7 Rxe7 36.
Rxe7 Qd4+ 0-1

[Event "Early-Titled-Tuesday-Blitz-November-28-2023"]
[Site "Chess.com"]
[Date "2023.11.28"]
[Round "5"]
[White "Sulthankan"]
[Black "Elbebiber"]
[Result "1-0"]
[WhiteElo "2349"]
[BlackElo "2115"]
[TimeControl "180+1"]
[EndTime "8:56:47 PST"]
[Termination "Sulthankan won on time"]

1. d4 Nf6 2. c4 e6 3. Nf3 Bb4+ 4. Nbd2 b6 5. a3 Bxd2+ 6. Qxd2 Bb7 7. e3 Ne4 8. Qc2 f5 9. Be2 d6 10. b4 Nd7 11. Bb2 O-O 12. O-O a5 13. c5 bxc5 14. bxc5 dxc5 15. dxc5 Bd5 16. c6 Nb6 17. Rfd1 Qe8 18. Be5 Qxc6 19. Qxc6 Bxc6 20. Bxc7 Nd5 21. Be5 Ba4 22. Rdc1 Rac8 23. Nd4 Kf7 24. Ba6 Rxc1+ 25. Rxc1 Rd8 26. f3 Nef6 27. Rb1 Rd7 28. Bc8 Re7 29. Bd6 1-0